 Dungeon Crawl Stone Soup version 0.26-a0-665-gefeb406119 (console) character file.

Game seed: 4084478952248792062

392 Ignak the Grave Robber (level 6, -5/44 HPs)
             Began as a Gnoll Necromancer on Oct 15, 2020.
             Engulfed by a cloud of flame (15 damage)
             ... on level 3 of the Dungeon.
             The game lasted 00:09:11 (3854 turns).

Ignak the Grave Robber (Gnoll Necromancer)          Turns: 3854, Time: 00:09:12

Health: -5/44      AC:  5    Str:  8 (11) XL:     6   Next: 81%
Magic:  14/14      EV: 15    Int: 17 (19) God:
Gold:   182        SH:  0    Dex: 14 (15) Spells: 10/15 levels left

rFire    . . .     SeeInvis .   g - +2 spear (vorpal)
rCold    . . .     Faith    .   (no shield)
rNeg     . . .     Spirit   .   o - +2 robe {MR+}
rPois    +         Reflect  .   c - +0 helmet
rElec    .         Harm     .   (no cloak)
rCorr    .         Rampage  .   (no gloves)
MR       +....                  (no boots)
Stlth    +++.......             (no amulet)
HPRegen  0.14/turn              e - +4 ring of slaying
MPRegen  0.14/turn              m - ring of poison resistance

@: no status effects
A: distributed training, fangs 1, strong nose
a: no special abilities


You were on level 3 of the Dungeon.
You visited 1 branch of the dungeon, and saw 4 of its levels.

You collected 182 gold pieces.

Inventory:

Hand Weapons
 b - a +0 club
 g - a +2 vorpal spear (weapon)
Missiles
 k - 19 poisoned darts (quivered)
Armour
 c - a +0 helmet (worn)
 o - a +2 robe of magic resistance (worn)
Jewellery
 e - a +4 ring of slaying (left hand)
 m - a ring of poison resistance (right hand)
Scrolls
 a - 2 scrolls of fog
 d - 2 scrolls of enchant armour
 f - 3 scrolls of teleportation
 l - 2 scrolls of remove curse
 n - a scroll of immolation
Potions
 h - 2 potions of haste


   Skills:
 + Level 2.1 Fighting
 + Level 2.1 Short Blades
 + Level 2.1 Long Blades
 + Level 2.1 Axes
 + Level 2.1 Maces & Flails
 + Level 2.1 Polearms
 + Level 2.1 Staves
 + Level 2.1 Slings
 + Level 2.1 Bows
 + Level 2.1 Crossbows
 + Level 2.1 Throwing
 + Level 2.1 Armour
 + Level 5.0 Dodging
 + Level 4.7 Stealth
 + Level 2.1 Shields
 + Level 2.1 Unarmed Combat
 + Level 5.4 Spellcasting
 + Level 1.6 Conjurations
 + Level 1.6 Hexes
 + Level 1.6 Summonings
 + Level 7.3 Necromancy
 + Level 1.6 Translocations
 + Level 1.6 Transmutations
 + Level 1.6 Fire Magic
 + Level 1.6 Ice Magic
 + Level 1.6 Air Magic
 + Level 1.6 Earth Magic
 + Level 1.6 Poison Magic
 + Level 2.3 Invocations
 + Level 2.1 Evocations


You had 10 spell levels left.
You knew the following spells:

 Your Spells              Type           Power        Failure   Level
a - Pain                  Necr           ####         1%          1
c - Vampiric Draining     Necr           ####......   1%          3
z - Animate Skeleton      Necr           ####..       1%          1

Your spell library contained the following spells:

 Spells                   Type           Power        Failure   Level
 Animate Dead             Necr           ####......   7%          4
 Agony                    Necr           ####....     19%         5


Dungeon Overview and Level Annotations

Branches:
Dungeon (4/15)
 Temple: D:4-7

Altars:


Innate Abilities, Weirdness & Mutations

Your experience applies equally to all skills.
You have very sharp teeth.
Your uncanny sense of smell can sniff out nearby items.


Message History

Okay, then.
Unknown command.
As you read the scroll labeled QUHUQA MUJEI, it crumbles to dust.
The creatures around you are filled with an inner flame!
It was a scroll of immolation.
The orc shouts! x2; The orc wizard shouts!
The orc hits you with a +0 hand axe. The orc misses you.
You climb upwards.
There is a stone staircase leading down here.
The orc misses you.
You closely miss the orc. You puncture the orc!
The orc explodes!
The fiery explosion engulfs the orc!!
The orc explodes!
The fiery explosion engulfs you!!
Ouch! That really hurt!
* * * LOW HITPOINT WARNING * * *
You are engulfed in blazing flames.
You die...

.....####..###.>.......#####.#
##...# #......#######.# #.#
##.[.####..#.#.# #.# #.#
##.........#.#.# #.# #.#
###.....#......# #.#####.#
.........#.....# #.......#
###...........># #.#######
..............§#######.#
###..........§§§@......#
####..........§###.##.##
...##....#########.##.#
##.###.#.# ##...#.# #.#
#.#.#######.#.#..# #.#
#.#..............# #.#
#.#.#######.#.#.##
##.###.#.#.....)<.(.##
.(.....#.#.#######.##


There were no monsters in sight!

Vanquished Creatures
  Sigmund (D:2)
  An orc priest (D:3)
  Terence (D:1)
  Natasha (D:2)
  6 adders
  4 worms
  A dart slug (D:1)
  3 leopard geckos (D:1)
  10 orcs (D:3)
  5 bats
  9 giant cockroaches
  6 goblins
  10 hobgoblins
  2 quokkas (D:3)
  A ball python (D:1)
  3 frilled lizards
  6 kobolds
  5 rats
75 creatures vanquished.

Vanquished Creatures (collateral kills)
  A bat (D:2)
  A goblin (D:3)
2 creatures vanquished.

Grand Total: 77 creatures vanquished

Notes
Turn   | Place    | Note
-------+----------+-------------------------------------------
     0 | D:1      | Ignak the Gnoll Necromancer began the quest for the Orb.
     0 | D:1      | Reached XP level 1. HP: 13/13 MP: 6/6
   231 | D:1      | Reached XP level 2. HP: 19/19 MP: 5/7
   756 | D:1      | Reached XP level 3. HP: 21/25 MP: 6/9
   761 | D:1      | Learned a level 3 spell: Vampiric Draining
   763 | D:1      | Learned a level 1 spell: Animate Skeleton
   822 | D:1      | Reached skill level 5 in Spellcasting
  1217 | D:2      | Noticed Terence
  1242 | D:1      | Killed Terence
  1242 | D:1      | Reached skill level 1 in Fighting
  1242 | D:1      | Reached skill level 1 in Short Blades
  1242 | D:1      | Reached skill level 1 in Long Blades
  1242 | D:1      | Reached skill level 1 in Axes
  1242 | D:1      | Reached skill level 1 in Maces & Flails
  1242 | D:1      | Reached skill level 1 in Polearms
  1242 | D:1      | Reached skill level 1 in Staves
  1242 | D:1      | Reached skill level 1 in Slings
  1242 | D:1      | Reached skill level 1 in Bows
  1242 | D:1      | Reached skill level 1 in Crossbows
  1242 | D:1      | Reached skill level 1 in Throwing
  1242 | D:1      | Reached skill level 1 in Armour
  1242 | D:1      | Reached skill level 1 in Shields
  1242 | D:1      | Reached skill level 1 in Unarmed Combat
  1242 | D:1      | Reached skill level 1 in Invocations
  1242 | D:1      | Reached skill level 1 in Evocations
  1242 | D:1      | Reached XP level 4. HP: 32/32 MP: 4/11
  1464 | D:2      | Noticed Natasha
  1752 | D:2      | Reached skill level 1 in Conjurations
  1752 | D:2      | Reached skill level 1 in Hexes
  1752 | D:2      | Reached skill level 1 in Summonings
  1752 | D:2      | Reached skill level 1 in Translocations
  1752 | D:2      | Reached skill level 1 in Transmutations
  1752 | D:2      | Reached skill level 1 in Fire Magic
  1752 | D:2      | Reached skill level 1 in Ice Magic
  1752 | D:2      | Reached skill level 1 in Air Magic
  1752 | D:2      | Reached skill level 1 in Earth Magic
  1752 | D:2      | Reached skill level 1 in Poison Magic
  1890 | D:2      | Noticed Sigmund
  2117 | D:2      | Killed Sigmund
  2117 | D:2      | Reached XP level 5. HP: 23/38 MP: 2/12
  2117 | D:2      | Reached XP level 6. HP: 27/44 MP: 2/13
  2483 | D:2      | Killed Natasha
  2676 | D:3      | Reached skill level 5 in Dodging
  3854 | D:3      | Engulfed by a cloud of flame

Illustrated notes

Levels and vault maps discovered:
D:1:      lemuel_arrival_tunnels, layout_rooms, chequers_serial_rivers_room_a,
          kennysheep_boxes
D:2:      layout_rooms, grunt_decor_arrowhead, uniq_natasha, uniq_terence,
          uniq_sigmund
D:3:      layout_loops_ring
D:4:      layout_basic, gup_sewer_entry_glass, minmay_small_thing, uniq_grinder,
          uniq_blork_the_orc, uniq_crazy_yiuf_cottage, uniq_menkaure

Skill      XL: |  1  2  3  4  5  6 |
---------------+-------------------+-----
Spellcasting   | 5 |  5.4
Fighting       | 1 2 |  2.1
Short Blades   | 1 2 |  2.1
Long Blades    | 1 2 |  2.1
Axes           | 1 2 |  2.1
Maces & Flails | 1 2 |  2.1
Polearms       | 1 2 |  2.1
Staves         | 1 2 |  2.1
Slings         | 1 2 |  2.1
Bows           | 1 2 |  2.1
Crossbows      | 1 2 |  2.1
Throwing       | 1 2 |  2.1
Armour         | 1 2 |  2.1
Shields        | 1 2 |  2.1
Unarmed Combat | 1 2 |  2.1
Invocations    | 1 2 |  2.3
Evocations     | 1 2 |  2.1
Conjurations   | 1 |  1.6
Hexes          | 1 |  1.6
Summonings     | 1 |  1.6
Translocations | 1 |  1.6
Transmutations | 1 |  1.6
Fire Magic     | 1 |  1.6
Ice Magic      | 1 |  1.6
Air Magic      | 1 |  1.6
Earth Magic    | 1 |  1.6
Poison Magic   | 1 |  1.6
Dodging        | 5 |  5.0
Stealth        | |  4.7
Necromancy     | |  7.3

Action                   |  1- 3 |  4- 6 || total
-------------------------+-------+-------++-------
Melee: Club              |     8 |       ||     8
       Bite              |     4 |     9 ||    13
       Spear             |    12 |   108 ||   120
Throw: Boomerang         |     6 |       ||     6
 Cast: Pain              |    28 |    10 ||    38
       Vampiric Draining |     3 |    19 ||    22
       Animate Skeleton  |       |    19 ||    19
  Use: Scroll            |     3 |     5 ||     8
       Potion            |     1 |     5 ||     6
 Stab: Sleeping          |     1 |     8 ||     9
Armor: Robe              |     5 |    14 ||    19
Dodge: Dodged            |    27 |    77 ||   104

Table legend: (Time is in decaauts)
 A = Elapsed time spent in this place.
 B = Non-inter-level travel time spent in this place.
 C = Inter-level travel time spent in this place.
 D = Time resting spent in this place.
 E = Time spent auto-exploring this place.
 F = Levels seen in this place.
 G = Mean time per level.
                   A        B        C        D        E       F      G
               +--------+--------+--------+--------+--------+-----+--------+
         Total |   3850 |   3800 |     50 |   1189 |   1613 |   4 |  962.5 |
       Dungeon |   3850 |   3800 |     50 |   1189 |   1613 |   4 |  962.5 |
               +--------+--------+--------+--------+--------+-----+--------+

Top non-repeatable levels by time:
     D:1: 1511 daAuts
     D:3: 1459 daAuts
     D:2: 875 daAuts
     D:4: 3 daAuts
